[Event "MCR rapid mládeže 2023 U16"]
[Site "Harachov, Czech Republic"]
[Date "2023.09.10"]
[Round "9.16"]
[White "Boff, Ondrej"]
[Black "Svadlenka, Michal"]
[Result "1-0"]
[TimeControl "20min+5s/move"]
[WhiteElo "1486"]
[BlackElo "1451"]

1. e4 c5 2. Nf3 d6 3. Bb5+ Nc6 4. d4 cxd4 5. Qxd4 Bd7 6. Bxc6 Bxc6 7. c4 Nf6 8. Nc3 g6 9. O-O Bg7 10.
Qd3 O-O 11. Be3 a6 12. Rac1 Rc8 13. b3 Qd7 14. Rfd1 Qc7 15. Nd5 Bxd5 16. exd5 Nd7 17. Re1 Rfe8 18. Bd4 Nc5 19. Qc3 Bxd4 20.
Nxd4 Nd7 21. Re3 Nf6 22. h3 Qd7 23. Qb2 Rc7 24. Rce1 Nh5 25. Re4 Ng7 26. Qd2 h5 27. Qg5 Kh7 28.
g4 f6 29. Qe3 g5 30. Qd3 Kh6 31. Ne6 Nxe6 32. Rxe6 h4 33. f4 Rg8 34. Qe4 Qe8 35. fxg5+ Rxg5 36. Rxf6+ Kg7 37. Qd4 Re5 38.
Rxe5 dxe5 39. Qxe5 Kg8 40. Qg5+ 1-0

[Event "MCR rapid mládeže 2023 U16"]
[Site "Harachov, Czech Republic"]
[Date "2023.09.10"]
[Round "9.17"]
[White "Sochor, Antonin"]
[Black "Mydlar, Matej"]
[Result "0-1"]
[TimeControl "20min+5s/move"]
[WhiteElo "1480"]
[BlackElo "1711"]

1. Nf3 c5 2. g3 g6 3. Bg2 Bg7 4. d3 Nc6 5. O-O d5 6. Nbd2 Nf6 7. e4 e5 8. Qe2 O-O 9. Ne1 Nd4 10.
Qd1 Re8 11. f4 exf4 12. gxf4 Bg4 13. Nef3 dxe4 14. Nxe4 Nxe4 15. dxe4 Rxe4 16. c3 Nxf3+ 17. Bxf3 Bxf3 18. Qxf3 f5 19.
Be3 Qe7 20. Rae1 Re8 21. Bf2 b6 22. Kg2 Bh6 23. Bg3 Re2+ 24. Rxe2 Qxe2+ 25. Rf2 Qxf3+ 26. Kxf3 Rd8 27. Re2 Kf7 28.
Bh4 Rd3+ 29. Re3 Rxe3+ 30. Kxe3 Ke6 31. c4 Bg7 32. b3 Bf6 33. Bg3 h6 34. h4 g5 35. fxg5 hxg5 36. hxg5 Bxg5+ 37. Kf3 Bf6 38. Bb8 a6 39. Bc7 b5 40. Bb6 Bd4 41. a4 bxa4 42. bxa4 Bg1 43. Kf4 Bh2+ 44. Kf3 Bd6 45. Ba5 Kf6 46.
Bd8+ Ke5 47. Ke3 f4+ 48. Kd3 f3 49. Bh4 Kf4 50. Bf2 Kg4 51. Ke4 Be7 52. Kd5 Kh3 53. Ke6 Kg2 54. Be3 Bf8 55.
Kf7 Bd6 56. Ke6 Bh2 57. Kd5 Bg1 58. Bxg1 Kxg1 59. Kxc5 f2 60. Kb6 f1=Q 61. c5 Qc4 62. c6 Qxa4 63. c7 Qc4 64. Kb7 a5 65. c8=Q Qxc8+ 66. Kxc8 a4 67.
Kc7 a3 68. Kb6 a2 69. Kb5 a1=Q 0-1

[Event "MCR rapid mládeže 2023 U16"]
[Site "Harachov, Czech Republic"]
[Date "2023.09.10"]
[Round "9.18"]
[White "Rudlof, Adam"]
[Black "Bara, Jan"]
[Result "1-0"]
[TimeControl "20min+5s/move"]
[WhiteElo "1436"]
[BlackElo "1823"]

1. e4 c5 2. Nf3 d6 3.
d4 cxd4 4. Nxd4 Nf6 5.
Nc3 g6 6. Be3 Bg7 7. Bc4 O-O 8. Bb3 Nc6 9. f3 Nxd4 10. Bxd4 Be6 11. Bxe6 fxe6 12. Qd2 Qa5 13. O-O-O b5 14.
Kb1 b4 15. Ne2 Qb5 16. h4 a5 17. g4 a4 18. h5 b3 19. cxb3 axb3 20. a3 Rfc8 21. Nc3 Qc4 22. hxg6 hxg6 23. g5 Nh5 24. Bxg7 Kxg7 25. Rc1 Qa6 26. f4 Rc4 27.
Qe3 Qa7 28. Qd2 Qd4 29. Qxd4+ Rxd4 30. f5 exf5 31. exf5 Ng3 32. Nb5 Rf4 33. Rhg1 Rxf5 34. Nc7 Raa5 35. Rxg3 Kf7 36. Rxb3 Rxg5 37. Re3 Rae5 38. Rf1+ Kg8 39.
Ref3 Kh7 40. Rf7+ Kh6 41. b4 Rg2 42. R7f2 Rg3 43. Rf3 Rg2 44. R1f2 Re1+ 45. Kb2 Re2+ 46. Rxe2 Rxe2+ 47. Kb3 g5 48. b5 g4 49. Rf8 g3 50. b6 Re1 51. Rg8 Rb1+ 52. Kc4 Rxb6 53. Rxg3 Rc6+ 54. Kb5 Rxc7 55.
a4 e5 56. a5 d5 57. a6 Rc1 58.
Ra3 Rc8 59. a7 Ra8 60. Kb6 d4 61. Kb7 Rg8 62.
a8=Q Rxa8 63. Rxa8 Kg5 64. Kc6 d3 65. Kd5 Kf4 66. Kc4 e4 67. Ra2 Ke3 68. Kc3 Kf3 69. Kd4 Kf4 70. Rh2 Kf3 71. Kc3 Ke3 72. Ra2 Kf3 73.
Kd2 Kf4 74. Ra1 Ke5 75. Re1 Kd4 76.
Re3 Ke5 77. Rh3 Kd4 78. Rg3 Kc4 79.
Ke3 Kc3 80. Rg2 Kb3 81. Kxe4 Kc3 82. Ke3 1-0

[Event "MCR rapid mládeže 2023 U16"]
[Site "Harachov, Czech Republic"]
[Date "2023.09.10"]
[Round "9.19"]
[White "Honcharov, Makar"]
[Black "Kozdon, Marek"]
[Result "0-1"]
[TimeControl "20min+5s/move"]
[WhiteElo "1593"]
[BlackElo "1548"]

1. e4 c5 2. Nf3 e6 3. d4 cxd4 4. Nxd4 a6 5. Bd3 Qc7 6.
O-O d6 7. Nc3 b5 8. f4 Bb7 9. Be3 Nd7 10. Qe2 Ngf6 11. a3 Nc5 12. Rac1 Nfxe4 13. Nxe4 Nxe4 14. f5 e5 15. Nf3 Nf6 16.
c4 bxc4 17. Bxc4 Qd7 18. Nxe5 dxe5 19. Rfd1 Bd6 20. Kh1 O-O 21. Rxd6 Qxd6 22. Bc5 Qd7 23. Bxf8 Rxf8 24. Qxe5 Re8 25.
Qf4 h6 26. h4 Nh5 27. Qg4 Qd2 28. Rg1 Nf6 29. Qg3 Qe3 30. Qc7 Qh3+ 31. Qh2 Qxh2+ 32. Kxh2 Re3 33. Rd1 Re4 34. Rd8+ Kh7 35.
Bxf7 Rxh4+ 36. Kg3 Rg4+ 37. Kf3 0-1

[Event "MCR rapid mládeže 2023 U16"]
[Site "Harachov, Czech Republic"]
[Date "2023.09.10"]
[Round "9.20"]
[White "Frantsev, Iegor"]
[Black "Policar, Martin"]
[Result "0-1"]
[TimeControl "20min+5s/move"]
[WhiteElo "1431"]
[BlackElo "1517"]

1. e4 c5 2. Nc3 d6 3. f4 Nc6 4. Nf3 Nf6 5. Bb5 g6 6. d3 Bg7 7. O-O O-O 8. Qe1 Nd7 9. Qg3 Nd4 10.
Nxd4 Bxd4+ 11. Be3 Bxe3+ 12. Qxe3 a6 13. Bxd7 Bxd7 14. Rf3 f5 15. Re1 e6 16. e5 Qb6 17. b3 d5 18. Rg3 d4 19.
Nd5 exd5 20. Qf3 Qe6 21. h4 Kh8 22. h5 Rg8 23. Rh3 g5 24. fxg5 Rxg5 25. Qf4 Rag8 26. Rh2 h6 27. Kf1 Kh7 28.
Qf3 Rg3 29. Qf2 R8g5 30. Ke2 Re3+ 31. Kd2 Qxe5 32. Kd1 0-1

[Event "MCR rapid mládeže 2023 U16"]
[Site "Harachov, Czech Republic"]
[Date "2023.09.10"]
[Round "9.21"]
[White "Chernyy, Andrey"]
[Black "Vlcek, Vitezslav"]
[Result "1-0"]
[TimeControl "20min+5s/move"]
[WhiteElo "1582"]
[BlackElo "1160"]

1. e4 c5 2. Nf3 d6 3. Nc3 Nf6 4. d4 cxd4 5. Qxd4 Nc6 6. Bb5 Bd7 7. Bxc6 bxc6 8. Bg5 c5 9. Qd3 Bc6 10.
O-O g6 11. Nd5 Bxd5 12. Bxf6 exf6 13. exd5 Be7 14. Rfe1 O-O 15. a3 f5 16. b4 cxb4 17. axb4 Bf6 18. Ra3 Qc7 19. c3 Rfe8 20.
Rea1 Qb6 21. Ra6 Qc7 22. Nd4 Bxd4 23. Qxd4 Qd7 24. h3 Re7 25. Qf6 Rd8 26. Rxa7 1-0

[Event "MCR rapid mládeže 2023 U16"]
[Site "Harachov, Czech Republic"]
[Date "2023.09.10"]
[Round "9.22"]
[White "Krivka, Matej"]
[Black "Zrust, Lukas"]
[Result "0-1"]
[TimeControl "20min+5s/move"]
[WhiteElo "1552"]
[BlackElo "1519"]

1. e4 e6 2. d4 d5 3. Nc3 Nf6 4. Bg5 Be7 5. Bxf6 Bxf6 6. e5 Be7 7. Qg4 O-O 8. Bd3 f5 9. Qg3 Bd7 10.
Nge2 c5 11. dxc5 Bxc5 12. Nf4 Be7 13. O-O Bh4 14. Qf3 Nc6 15. Rae1 a6 16. g3 Be7 17. Nce2 b5 18. c3 Nxe5 19.
Qe3 Ng4 20. Qd2 Ne5 21. Nd4 Bf6 22. Nh5 Bg5 23. f4 Nxd3 24. Qxd3 Be7 25. g4 fxg4 26. Nxe6 Qb6+ 27. Qd4 Qxd4+ 28. Nxd4 Bc5 29. Re5 Rf5 30.
Rxf5 Bxf5 31. Ng3 Bd7 32. Rd1 Kf7 33. Kg2 g6 34. Nb3 Rc8 35. Rxd5 Bc6 36. Nxc5 Bxd5+ 37. Nce4 Re8 38. Kf2 Bxe4 39. Nxe4 Rxe4 0-1

[Event "MCR rapid mládeže 2023 U16"]
[Site "Harachov, Czech Republic"]
[Date "2023.09.10"]
[Round "9.23"]
[White "Mojzisova, Barbora"]
[Black "Kratka, Tereza"]
[Result "0-1"]
[TimeControl "20min+5s/move"]
[WhiteElo "1220"]
[BlackElo "1147"]

1. e4 c5 2. Nf3 Nc6 3. d4 cxd4 4. Nxd4 g6 5.
Nc3 Bg7 6. Be3 Nf6 7. Bc4 d6 8. f3 O-O 9. Qd2 a5 10. Nxc6 bxc6 11. Bh6 Bb7 12. Bxg7 Kxg7 13. g4 h5 14.
gxh5 Nxh5 15. Rg1 e6 16. Qg2 Qh4+ 17. Kd1 Nf4 18. Qd2 d5 19. exd5 cxd5 20. Bb3 Qf6 21. Rg4 e5 22. Ke1 d4 23.
Ne4 Bxe4 24. fxe4 Rh8 25. Qf2 Rh5 26. Rd1 Rah8 27. c3 Rxh2 28. Qg3 Nd3+ 29. Rxd3 Rh1+ 30. Ke2 R8h2+ 31. Qg2 Rxg2+ 32. Rxg2 Qf1+ 33. Kd2 Qe1+ 34. Kc2 Qc1# 0-1

[Event "MCR rapid mládeže 2023 U16"]
[Site "Harachov, Czech Republic"]
[Date "2023.09.10"]
[Round "9.24"]
[White "Nova, Anezka"]
[Black "Barteckova, Nikol"]
[Result "1-0"]
[TimeControl "20min+5s/move"]
[WhiteElo "1382"]
[BlackElo "1246"]

1. e4 c5 2. Nf3 e6 3. c3 d6 4.
d4 cxd4 5. cxd4 Nc6 6. Nc3 Nf6 7. Bg5 Be7 8. Bb5 Bd7 9. O-O a6 10. Ba4 b5 11.
Bc2 O-O 12. a3 Bc8 13. Qd3 g6 14. e5 dxe5 15. dxe5 Qxd3 16. Bxd3 Nd7 17. Be4 Bxg5 18. Bxc6 Ra7 19. Bxd7 Rxd7 20.
Nxg5 Bb7 21. Rfd1 Rfd8 22. Rxd7 Rxd7 23. Rd1 Rc7 24. Kf1 h6 25. Nge4 Bxe4 26. Nxe4 Rc2 27. Rd6 Rxb2 28. Rxa6 Rb3 29.
Nd6 Rb1+ 30. Ke2 Rb2+ 31. Kf3 Rb3+ 32. Kg4 h5+ 33. Kg5 Rb2 34. Ne4 Kg7 35. Ra8 Re2 36. Kf4 Rb2 37. g3 Ra2 38.
Kg5 Re2 39. f3 Re3 40. Kf4 Rd3 41. Ra5 Rb3 42. Nd6 b4 43. axb4 Rxb4+ 44. Kg5 Rb3 45. f4 Rd3 46. Ra7 Kg8 47.
Kh6 Kf8 48. Rxf7+ Kg8 49. Re7 Re3 50. Re8# 1-0

[Event "MCR rapid mládeže 2023 U16"]
[Site "Harachov, Czech Republic"]
[Date "2023.09.10"]
[Round "9.25"]
[White "Stepankova, Linda"]
[Black "Kusova, Nikola"]
[Result "1-0"]
[TimeControl "20min+5s/move"]
[WhiteElo "1124"]
[BlackElo "1247"]

1. e4 e5 2. Nf3 Nf6 3. Nxe5 d6 4. Nf3 Nxe4 5. d3 Nf6 6. Nc3 d5 7. d4 Nc6 8. Bb5 Bd7 9. O-O Be7 10.
Ne5 Nxe5 11. dxe5 Ng4 12. Qxg4 Bxb5 13. Nxb5 g6 14. Be3 c6 15. Nc3 h5 16. Qd4 b6 17. Qa4 b5 18. Qd4 Qd7 19.
Rad1 b4 20. Ne2 Qf5 21. Qd3 Qd7 22.
c3 Qb7 23. cxb4 Qxb4 24. Bd4 O-O 25. Bc3 Qb7 26. Rfe1 Rad8 27. Qf3 Bb4 28. Bxb4 Qxb4 29. Qb3 Qe7 30. Ng3 Rb8 31. Qc3 Rb6 32.
h3 h4 33. Nf1 Rfb8 34. b3 R8b7 35. Qc2 Rb8 36. Qe2 Re8 37. Qc2 Ra6 38. Qb2 Rb6 39. Qc2 Ra6 40. Re2 Qc7 41. Rde1 Rb6 42.
Qc5 Rxe5 43. Rxe5 Rb5 44. Qc2 Ra5 45. Re8+ Kg7 46. R8e7 Qd6 47. Qc3+ 1-0

[Event "MCR rapid mládeže 2023 U16"]
[Site "Harachov, Czech Republic"]
[Date "2023.09.10"]
[Round "9.26"]
[White "Hujova, Tess"]
[Black "Vancakova, Veronika"]
[Result "0-1"]
[TimeControl "20min+5s/move"]
[WhiteElo "1104"]
[BlackElo "1433"]

1. e4 d6 2. d4 Nf6 3. Nc3 g6 4. Bg5 Bg7 5. Nf3 O-O 6. Bd3 Nc6 7. d5 Nb8 8. O-O h6 9. Be3 e5 10. Qd2 Ng4 11. h3 Nxe3 12. Qxe3 f5 13.
Qe2 f4 14. Bc4 Nd7 15. Bb3 Kh7 16. Rad1 g5 17. Rfe1 Rf6 18. Kf1 Rg6 19. Nh2 Nf6 20. f3 h5 21. Rd2 g4 22. fxg4 hxg4 23.
hxg4 Nxg4 24. Nxg4 Bxg4 25. Qf2 Qg5 26. Ne2 f3 27. Ng3 Rf8 28. Kg1 Rf4 29. Qe3 fxg2 30. Nf5 Bf3 31. c3 Qh5 32.
Rc1 Qh1+ 33. Kf2 g1=Q+ 34. Rxg1 Qxg1# 0-1

[Event "MCR rapid mládeže 2023 U16"]
[Site "Harachov, Czech Republic"]
[Date "2023.09.10"]
[Round "9.27"]
[White "Jakubse, Tamae Severina"]
[Black "Lackova, Lucie"]
[Result "1/2-1/2"]
[TimeControl "20min+5s/move"]
[WhiteElo "1223"]
[BlackElo "1544"]

1. e4 c6 2. d4 d5 3. exd5 cxd5 4. c4 dxc4 5. Bxc4 Nf6 6. Nc3 e6 7. Nf3 Be7 8. O-O O-O 9. Bf4 Nc6 10.
Qd2 Bd7 11. Rfd1 Qb6 12. Bg3 Bb4 13. a3 Bxc3 14. bxc3 Qd8 15. Rab1 b6 16. Bh4 Bc8 17. Qe2 Bb7 18. Ne5 Rc8 19.
Ba6 Bxa6 20. Qxa6 Qc7 21. Bxf6 gxf6 22. Ng4 Kg7 23. Qe2 f5 24. Ne3 Ne7 25. Rbc1 Kh8 26. Rd3 Ng6 27. g3 Rg8 28.
Qh5 Nf4 29. Qd1 Nxd3 30. Qxd3 Qe7 31. d5 exd5 32. Nxf5 Qg5 33. Re1 Rce8 34. Rxe8 Rxe8 35. Qd4+ f6 36. Nd6 Re1+ 37. Kg2 Qg8 38.
Qxf6+ Qg7 39. Qd8+ Qg8 40. Qf6+ Qg7 41. Qd8+ Qg8 42. Qf6+ Qg7 43. Qd8+ Qg8 44. Qf6+ 1/2-1/2

[Event "MCR rapid mládeže 2023 U16"]
[Site "Harachov, Czech Republic"]
[Date "2023.09.10"]
[Round "9.28"]
[White "Strazhnyk, Viktoriia"]
[Black "Janouskova, Eliska"]
[Result "1-0"]
[TimeControl "20min+5s/move"]
[WhiteElo "1392"]
[BlackElo "1333"]

1. e4 c5 2. d4 cxd4 3. c3 d3 4. Bxd3 d6 5. Nf3 e6 6. e5 dxe5 7. Nxe5 a6 8. Bb5+ axb5 9. Qxd8+ Kxd8 10. Nxf7+ Ke8 11. Nxh8 Nf6 12.
Bf4 Nc6 13. O-O Bd7 14. Nd2 Ke7 15. Nf3 h6 16. Ng6+ Kf7 17. Nxf8 Rxf8 18. Ne5+ Nxe5 19. Bxe5 Nd5 20. b3 Bc6 21.
c4 bxc4 22. bxc4 Nb4 23. Bd6 Nc2 24. Rac1 Rd8 25. Bc5 Nd4 26. Bxd4 Rxd4 27. Rfd1 Re4 28. Rd2 Kf6 29. f3 Re5 30.
Kf2 Rh5 31. h3 Rh4 32. Kg3 g5 33. c5 Ra4 34. Re1 Bd5 35. Rb1 Rc4 36. Rb5 Kf5 37. Kf2 Kf4 38. a3 Kf5 39. g4+ Kf6 40.
Ke3 Ke5 41. Re2 Kf6 42. Kf2 Ra4 43. Re3 Rc4 44. Kg3 Kg6 45. h4 Kf6 46. hxg5+ hxg5 47. Rb4 Rxc5 48. f4 Rc2 49. fxg5+ Kxg5 50.
Ra4 Rc8 51. Ra5 Rf8 52. Rxe6 Rf3+ 53. Kg2 Re3+ 54. Rxd5+ Kh4 55. Rh6+ 1-0

[Event "MCR rapid mládeže 2023 U16"]
[Site "Harachov, Czech Republic"]
[Date "2023.09.10"]
[Round "9.30"]
[White "Zika, Miroslav"]
[Black "Fadrny, Jachym"]
[Result "0-1"]
[TimeControl "20min+5s/move"]
[WhiteElo "1199"]
[BlackElo "1347"]

1. c4 e6 2. Nf3 Nf6 3. Nc3 b6 4.
g3 Bb7 5. Bg2 Bb4 6. O-O O-O 7. d3 Bxc3 8. bxc3 d5 9. cxd5 Nxd5 10. Bb2 Nd7 11. Nd2 Rb8 12. c4 N5f6 13. Bxb7 Rxb7 14.
Qb3 Nc5 15. Qc2 Qe7 16. Nb3 Rfb8 17. d4 Nxb3 18. axb3 b5 19. c5 c6 20. Ra6 Nd5 21. Bc3 Qd7 22. Rd1 b4 23. Bb2 Nc7 24.
Ra4 Qe7 25. Rd3 a6 26. Rf3 Rd8 27. Qc4 Rb5 28. Rxb4 Rdb8 29. Ba3 Rxb4 30. Bxb4 Nd5 31. Ba5 Rb5 32. b4 e5 33. dxe5 Qxe5 34.
e4 Qh5 35. Kg2 Nf6 36. Qd3 h6 37. Qd8+ Kh7 38. Qa8 Nxe4 39. Qxc6 Ng5 40. Rf4 Qh3+ 41. Kg1 Rb8 42. Qg2 Re8 43.
f3 Re1+ 44. Kf2 Re2+ 45. Kxe2 Qxg2+ 46. Ke3 Qg1+ 47. Kd3 Qd1+ 48. Kc4 Nxf3 49. c6 Qe2+ 50. Kc5 Qe7+ 51. Kb6 Ne5 52. c7 Qe8 53.
Kb7 Qc6+ 54. Kb8 Nd7+ 55. Ka7 Nf6 56. Rd4 Ne8 57. Kb8 Qb5+ 58. Kc8 Kg8 59. Kd8 Qg5+ 60. Kd7 Nxc7 61. Bxc7 Qf6 62.
Rd6 Qf5+ 63. Kd8 Kf8 64. Rxa6 Qb5 65. Rb6 Qe8# 0-1

[Event "MCR rapid mládeže 2023 U16"]
[Site "Harachov, Czech Republic"]
[Date "2023.09.10"]
[Round "9.31"]
[White "Zelenka, Tomas"]
[Black "Vo, Daniel"]
[Result "1-0"]
[TimeControl "20min+5s/move"]
[WhiteElo "1457"]
[BlackElo "1445"]

1. e4 c5 2. d3 Nc6 3. g3 d6 4. Bg2 Nf6 5. f4 e6 6. Nf3 Be7 7. O-O O-O 8. h3 d5 9. Nc3 dxe4 10.
Nxe4 h6 11. Be3 Nd5 12. Bf2 b6 13. Nc3 Nxc3 14. bxc3 Bf6 15. Ne5 Bxe5 16. Bxc6 Bxc3 17. Bxa8 Bxa1 18. Qxa1 Ba6 19. Bg2 c4 20.
dxc4 Qc7 21. Rd1 Qxc4 22. Rd7 Qxc2 23. Rxa7 Bc4 24. Bxb6 Rb8 25. Qe1 Rxb6 26. Ra8+ Kh7 27. Be4+ Qxe4 28.
Qxe4+ f5 29. Qxc4 Rb1+ 30. Kf2 Rb2+ 31.
Ke1 Rb1+ 32. Kd2 Rb2+ 33. Kc1 Rh2 34. Qf1 h5 35. Qd1 Rxh3 36. a4 Rxg3 37. Qxh5# 1-0

[Event "MCR rapid mládeže 2023 U16"]
[Site "Harachov, Czech Republic"]
[Date "2023.09.10"]
[Round "9.32"]
[White "Bartak, Tobias"]
[Black "Moravec, Rene"]
[Result "1/2-1/2"]
[TimeControl "20min+5s/move"]
[WhiteElo "1259"]
[BlackElo "1165"]

1. e4 c5 2. Nf3 Nc6 3. Bb5 g6 4. O-O Bg7 5. c3 Nf6 6. Re1 d6 7. d4 O-O 8. e5 dxe5 9. dxe5 Qxd1 10. Rxd1 Nd7 11. Bxc6 bxc6 12. Bf4 Nb6 13.
Nbd2 Bf5 14. Nf1 Rfd8 15. Ng3 Rxd1+ 16. Rxd1 Be6 17. b3 c4 18. b4 Nd5 19. Bd2 a5 20. Nd4 Bd7 21. Nf3 axb4 22.
cxb4 Rxa2 23. Rc1 c3 24. Bxc3 Nxc3 25. Rxc3 Ra1+ 26. Nf1 Rb1 27. Rd3 Be6 28. Rd8+ Bf8 29. Rb8 Bc4 30. N3d2 Rc1 31.
Nxc4 Rxc4 32. g3 Kg7 33.
b5 cxb5 34. Rxb5 e6 35. Ne3 Re4 36. Kg2 Rb4 37. Rxb4 Bxb4 38. f4 f6 39. Ng4 fxe5 40. Nxe5 Kf6 41. Kf3 Bc3 42. Ng4+ Kf5 43. Nh6+ Kf6 44.
Ng4+ Ke7 45. h3 Kd6 46. Ne3 Kc5 47. Ke4 Bd4 48. Nc2 Bf2 49. g4 Bg3 50. f5 exf5+ 51. gxf5 gxf5+ 52. Kxf5 h5 53. Kg5 h4 54. Ne3 Kd4 55.
Nf5+ Ke4 56. Nxh4 Bxh4+ 57. Kxh4 1/2-1/2

[Event "MCR rapid mládeže 2023 U16"]
[Site "Harachov, Czech Republic"]
[Date "2023.09.10"]
[Round "9.33"]
[White "Vorlik, Jachym"]
[Black "Galia, Simon"]
[Result "1-0"]
[TimeControl "20min+5s/move"]
[WhiteElo "1210"]
[BlackElo "1138"]

1. e4 e5 2. Nf3 Nf6 3. Nc3 Nc6 4. d4 exd4 5. Nxd4 Bb4 6. Nxc6 dxc6 7. Qxd8+ Kxd8 8. Bg5 Re8 9. Bxf6+ gxf6 10.
Bd3 Bf5 11. O-O-O Bg6 12. f4 Kc8 13. f5 Bh5 14. Rdg1 Bxc3 15. bxc3 b6 16. g4 Bxg4 17. Rxg4 Kb7 18. Rg7 Rh8 19.
Rxf7 Raf8 20. Rg7 b5 21. Rhg1 a5 22. Re7 Rhg8 23. Rgg7 Rxg7 24. Rxg7 Rh8 25. Rf7 Rg8 26. Rxf6 Rg1+ 27. Kb2 c5 28. Bxb5 Re1 29. Bc6+ Ka7 30.
Rh6 Re2 31. Rxh7 Kb6 32. Rh6 Ka7 33. f6 Rf2 34. Bd5 Kb8 35. Rh8+ Ka7 36. f7 Rxf7 37. Bxf7 c4 38. e5 Kb6 39.
e6 c5 40. e7 a4 41. Rh6+ Ka7 42. e8=Q a3+ 43. Kxa3 Kb7 44. Bd5+ Kc7 45. Rh7+ Kd6 46. Qe6# 1-0

[Event "MCR rapid mládeže 2023 U16"]
[Site "Harachov, Czech Republic"]
[Date "2023.09.10"]
[Round "9.34"]
[White "Trejbal, Jindrich"]
[Black "Bucek, Vit"]
[Result "0-1"]
[TimeControl "20min+5s/move"]
[WhiteElo "1088"]
[BlackElo "1283"]

1. d4 Nf6 2. Nc3 d5 3. Bg5 Nbd7 4. e3 h6 5. Bh4 b6 6. Bd3 Bb7 7. Nge2 e6 8. O-O Be7 9. h3 O-O 10.
Bg3 c5 11. b3 Rc8 12. Na4 c4 13. bxc4 dxc4 14. Nb2 cxd3 15. Nxd3 Ne4 16. Bh2 Nc3 17. Nxc3 Rxc3 18. Qd2 Rc8 19.
a4 Nf6 20. Rfc1 Bd6 21. f4 Ne4 22.
Qe1 Qc7 23. c4 Ba6 24. Rc2 Qd7 25.
Qc1 Rfd8 26. a5 Qb7 27. Ra4 b5 28. Rb2 Qd7 29. Raa2 bxc4 30. Ne5 Bxe5 31. fxe5 c3 32. Rb4 Rb8 33.
Rba4 Bd3 34. Ra1 Rb1 35. Rxb1 Bxb1 36. Ra1 c2 37. Ra4 Nc3 38. Rc4 Ne2+ 39. Kf2 Nxc1 40. Ke1 Nd3+ 41. Ke2 c1=Q 42.
Rxc1 Nxc1+ 43. Kf3 Qc6+ 44. Kf4 Qe4+ 45. Kg3 Ne2+ 46. Kf2 Rc8 47. Bg1 Nxg1 48. Kg3 Qxe3+ 49. Kh4 Qg5# 0-1

[Event "MCR rapid mládeže 2023 U16"]
[Site "Harachov, Czech Republic"]
[Date "2023.09.10"]
[Round "9.35"]
[White "Burel, Jan"]
[Black "Skoloud, Josef"]
[Result "0-1"]
[TimeControl "20min+5s/move"]
[WhiteElo "1046"]
[BlackElo "1075"]

1. e4 e5 2. Nf3 Nf6 3. Nxe5 d6 4. Nf3 Nxe4 5. Qe2 Qe7 6. d3 Nf6 7. Qxe7+ Bxe7 8. Nc3 O-O 9. Be2 Nc6 10. O-O Re8 11. Re1 Nb4 12.
Bd1 Bg4 13. a3 Bxf3 14. axb4 Bxd1 15. Nxd1 d5 16. Bd2 a6 17. Ne3 d4 18. Nf5 Bf8 19. Rxe8 Rxe8 20. Nxd4 Nd5 21. c3 Bd6 22. f3 Nf4 23. Bxf4 Bxf4 24. Nc2 Re2 25. Re1 Rxe1+ 26. Nxe1 Bc1 27.
c4 Bxb2 28. Nc2 Kf8 29. Kf2 Bc1 30. Kg3 Ke7 31. Kg4 Ke6 32. d4 b5 33. cxb5 axb5 34. Ne1 Kd5 35. Nd3 Bd2 36.
Kf5 Kxd4 37. Ne5 Bxb4 38. Nxf7 c5 39. Nd6 c4 40. Nxb5+ Kd3 41. Ke6 c3 42. Nxc3 Bxc3 43. Kf5 Ke3 44.
Kg4 Kf2 45. Kh3 Be5 46. g4 Bf4 47. Kh4 h6 48. h3 Kxf3 49. Kh5 Kg3 50. h4 Bc1 51. g5 hxg5 52. hxg5 Bb2 53. g6 Kf4 54.
Kh4 Kf5 55. Kh5 Ba1 56. Kh4 Kxg6 57. Kg4 Bb2 58. Kg3 Kg5 0-1

[Event "MCR rapid mládeže 2023 U16"]
[Site "Harachov, Czech Republic"]
[Date "2023.09.10"]
[Round "9.36"]
[White "Vydra, David"]
[Black "Zeman, Jonas"]
[Result "0-1"]
[TimeControl "20min+5s/move"]
[WhiteElo "1137"]
[BlackElo "1130"]

1. e4 c5 2. Nf3 d6 3. d4 cxd4 4.
Nxd4 Nf6 5. Nc3 g6 6. f3 Bg7 7. Be3 Bd7 8. Bc4 a6 9. Bb3 Nc6 10. Qd2 O-O 11. O-O-O b5 12. h4 h5 13.
g4 hxg4 14. Bh6 Nh5 15. Bxg7 Kxg7 16. fxg4 Bxg4 17. Rdg1 Bd7 18. Nxc6 Bxc6 19. Qg5 Rh8 20. Rf1 e6 21. Qg2 Qe7 22.
Rhg1 a5 23. a3 a4 24. Ba2 b4 25. axb4 a3 26. b3 Rab8 27. b5 Bxb5 28. Nxb5 Rxb5 29. Qe2 Rc5 30. Qd2 Rhc8 31. Bb1 a2 32.
Bxa2 Rxc2+ 33. Qxc2 Rxc2+ 34. Kxc2 Qxh4 35. Re1 Nf6 36. e5 dxe5 37. Rxe5 Qf2+ 38. Kb1 Qxg1+ 39. Kc2 Qh2+ 0-1

[Event "MCR rapid mládeže 2023 U16"]
[Site "Harachov, Czech Republic"]
[Date "2023.09.10"]
[Round "9.37"]
[White "Hamernikova, Iris"]
[Black "Najdkova, Laura"]
[Result "0-1"]
[TimeControl "20min+5s/move"]
[WhiteElo "1387"]
[BlackElo "1331"]

1. e4 e5 2. Nf3 Nc6 3. d4 exd4 4. Bc4 Nf6 5. e5 d5 6. Bb5 Bb4+ 7. c3 dxc3 8. Nxc3 Ne4 9. Bd2 Nxd2 10.
Qxd2 Bxc3 11. Qxc3 Bd7 12. O-O O-O 13. Rae1 Re8 14. Bxc6 Bxc6 15. Nd4 Bd7 16. Re3 Rc8 17. Rg3 c5 18.
Nb3 d4 19. Qc2 Rxe5 20. h3 Qf6 21. Rf3 Bf5 22. Qc4 Qg6 23. Rg3 Qf6 24. Qc1 b6 25. Rf3 Rce8 26. Nd2 Qh6 27. Nc4 Qxc1 28.
Rxc1 Re1+ 29. Rxe1 Rxe1+ 30. Kh2 Be6 31. b3 Re2 32. a4 Bxc4 33. bxc4 Rc2 34. Rf4 Rxc4 35. Re4 Kf8 36. Rh4 h6 37.
Re4 Rxa4 38. Kg3 f6 39. Kf3 Ra3+ 40. Ke2 Kf7 41. Kd1 Ra2 42. Ke1 h5 43. g4 hxg4 44. hxg4 g6 45. f4 f5 46.
gxf5 gxf5 47. Re5 Kf6 48. Kd1 Ra4 49.
Kd2 d3 50. Rd5 Rxf4 51. Kxd3 Rd4+ 0-1

[Event "MCR rapid mládeže 2023 U16"]
[Site "Harachov, Czech Republic"]
[Date "2023.09.10"]
[Round "9.40"]
[White "Chmelova, Klara"]
[Black "Martikanova, Amalie"]
[Result "0-1"]
[TimeControl "20min+5s/move"]
[WhiteElo "1145"]
[BlackElo "1107"]

1. e4 d5 2. exd5 Nf6 3. Nc3 Nxd5 4. Bc4 Nxc3 5. bxc3 Bf5 6. d4 e6 7. Nf3 c5 8. Be3 Nd7 9. O-O cxd4 10.
Bxd4 Rc8 11. Bb5 f6 12. Qd2 a6 13. Ba4 Be7 14. Bb6 Qxb6 15. Bxd7+ Kf7 16. Bxc8 Rxc8 17. Nd4 Rd8 18. Rab1 Qc7 19.
Qe2 Qxc3 20. Nxf5 exf5 21. Qh5+ Kg8 22. Qxf5 b5 23. Qe6+ Kf8 24. Qxa6 Qxc2 25. Qxb5 Qxa2 26. Rfe1 Qd2 27.
Rbd1 Qxd1 28. Rxd1 Rxd1+ 29. Qf1 Rxf1+ 30. Kxf1 Kf7 31. Ke2 Ke6 32. f4 Kf5 33. g3 g5 34. fxg5 fxg5 35. Ke3 Ke5 36. g4 Bc5+ 37. Kf3 Be7 38.
Ke3 Kf6 39. Ke4 Kg6 40. h3 h5 41. gxh5+ Kxh5 42. Kf3 Kh4 43. Kg2 Bd6 44. Kf3 Kxh3 45. Kf2 Bh2 46. Kf1 g4 47. Kf2 g3+ 0-1